 Dungeon Crawl Stone Soup version 0.20.0-4-g10b340a (webtiles) character file.

73 Manul the Chopper (level 4, -4/37 HPs)
             Began as a Human Chaos Knight on May 27, 2017.
             Slain by a porcupine (shapeshifter) (11 damage)
             ... on level 3 of the Dungeon.
             The game lasted 00:02:05 (1975 turns).

Manul the Chopper (Human Chaos Knight)              Turns: 1975, Time: 00:02:05

Health: -4/37      AC:  5    Str: 12    XL:     4   Next: 51%
Magic:  13/13      EV: 11    Int: 12    God:    Xom [.....*]
Gold:   95         SH:  0    Dex: 14    Spells: 3/3 levels left

rFire    . . .     SeeInvis .   a - +0 hand axe (chaos)
rCold    . . .     Gourm    .   (no shield)
rNeg     . . .     Faith    +   b - +2 leather armour
rPois    .         Spirit   .   (no helmet)
rElec    .         Reflect  .   (no cloak)
rCorr    .         Harm     .   (no gloves)
MR       .....                  (no boots)
Stlth    +.........             q - amulet of faith
Regen    0.2/turn               n - ring of magical power
MPRegen  0.2/turn               (no ring)

@: no status effects
A: no striking features
a: Renounce Religion


You were on level 3 of the Dungeon.
You worshipped Xom.
You were Xom's teddy bear.
You were near starving.

You visited 1 branch of the dungeon, and saw 3 of its levels.

You collected 95 gold pieces.

Inventory:

Hand Weapons
 a - a +0 hand axe of chaos (weapon)
Armour
 b - a +2 leather armour (worn)
Jewellery
 n - a ring of magical power (left hand)
 q - an amulet of faith (around neck)
Scrolls
 e - 2 scrolls of remove curse {unknown}
 f - 4 scrolls of identify {unknown}
 i - 2 scrolls of enchant weapon {unknown}
 j - 3 scrolls of enchant armour {unknown}
Potions
 g - a potion of lignification {unknown}
 k - a potion of invisibility
 l - 2 potions of resistance {unknown}
 m - a potion of agility
 p - 2 potions of haste {unknown}
Comestibles
 c - a bread ration
 h - 4 royal jellies
 o - 2 meat rations


   Skills:
 + Level 3.8 Fighting
 + Level 4.0 Axes
 + Level 2.3 Armour
 + Level 1.2 Dodging


You had 3 spell levels left.
You didn't know any spells.

Dungeon Overview and Level Annotations

Branches:
Dungeon (3/15)

Altars:
Cheibriados


Message History

You are too injured to fight recklessly!
You are too injured to fight recklessly!
You are too injured to fight recklessly!
You are too injured to fight recklessly!
You are too injured to fight recklessly!
You are too injured to fight recklessly!
You are too injured to fight recklessly!
You are too injured to fight recklessly!
You are too injured to fight recklessly!
You are too injured to fight recklessly!
You are too injured to fight recklessly!
You are too injured to fight recklessly!
The porcupine barely misses you.
There is a stone staircase leading up here. "This is how I like it!"
You swap places with the porcupine.
You are now Xom's teddy bear.
The porcupine bites you!
You die...
Xom cackles wildly!

.##..#.# #.#..# ..
......# #.#..# ..^
#..#.# #.#..#
#.##..#.###.#..#
.#..#........#..#
................#
.......)...<....#
.........####.###
...#.)#..# ##@# .
#..#..#.##r###.#
## #..)........#
........)........#
..##.#..#.##.#####
#....#.##.#
##...#.##.# #...#
.... ##... ....


You could see a porcupine shaped shifter.

Vanquished Creatures
  2 dart slugs
  2 leopard geckos (D:1)
  3 orcs (D:3)
  4 giant cockroaches
  11 goblins
  11 hobgoblins
  3 jackals (D:1)
  3 kobolds
  7 bats
  2 frilled lizards
  9 rats
57 creatures vanquished.

Notes
Turn   | Place    | Note
-------+----------+-------------------------------------------
     0 | D:1      | Manul the Human Chaos Knight began the quest for the Orb.
     0 | D:1      | Reached XP level 1. HP: 18/18 MP: 1/1
    89 | D:1      | Reached XP level 2. HP: 24/24 MP: 2/2
   249 | D:1      | Reached XP level 3. HP: 24/29 MP: 3/3
   275 | D:1      | XOM: divination: detect creatures
   371 | D:1      | XOM: cloud trail
   565 | D:1      | XOM: silly message
   652 | D:1      | XOM: mild Air miscast
   829 | D:2      | Reached XP level 4. HP: 32/37 MP: 4/4
   832 | D:2      | Reached skill level 4 in Axes
  1066 | D:2      | Found a snail-covered altar of Cheibriados.
  1086 | D:2      | XOM: 2-stop teleportation journey
  1138 | D:2      | XOM: summons 4 hostile shadow creatures
  1335 | D:3      | XOM: torment (12/37 hp)
  1336 | D:3      | HP: 1/37 [orc/short sword of speed (1)]
  1552 | D:2      | XOM: harmless Erth miscast
  1627 | D:3      | XOM: butterfly on damage
  1966 | D:3      | Noticed a porcupine
  1966 | D:3      | an orc priest changed into a porcupine
  1975 | D:3      | XOM: swap monsters
  1975 | D:3      | Slain by a porcupine (shapeshifter)

Skill      XL: |  1  2  3  4 |
---------------+-------------+-----
Axes           | 4 |  4.0
Fighting       | |  3.8
Armour         | |  2.3
Dodging        | |  1.2

Action                   |  1- 3 |  4- 6 || total
-------------------------+-------+-------++-------
Melee: Hand axe          |    99 |    75 ||   174
  Use: Potion            |       |     2 ||     2
 Stab: Confused          |     2 |       ||     2
  Eat: Chunk             |       |     2 ||     2
Armor: Leather armour    |    36 |    34 ||    70
Dodge: Dodged            |    50 |    60 ||   110
